Cogmind - Beta 13 @@@ ROGUE MODE // 2024.04.08 @ 01:28:44 Player: Ferns Result: Destroyed by P-60 Hacker with Shock Rifle Performance ------------- Evolutions (3) 1500 Regions Visited (6) 1200 Robots Destroyed (101) 505 Value Destroyed (2493) 2493 Prototype IDs (6) 120 Alien Tech Used (0) 0 Bonus (77) 77 TOTAL SCORE: 5895 Bonus ------- High Alert Combat Kills 77 Cogmind --------- Core Integrity 0/700 Matter 111/300 Energy 220/220 System Corruption 6% Temperature Cool (0) Movement Treading (225) Ox1 Location -7/Factory Parts ------- > --- POWER (2) -------- Light Nuclear Core Light Nuclear Core > --- PROPULSION (5) --- Advanced Treads Advanced Treads VTOL Module Improved Cesium-ion Thruster Improved Cesium-ion Thruster > --- UTILITY (4) ------ High-capacity Storage Unit Advanced Weight Redist. System Improved Signal Interpreter Improved Utility Shielding > --- WEAPON (2) ------- Katana > --- INVENTORY (20) --- Light Ion Engine Light Nuclear Core Wheel Improved Heat Sink Compact Matter Pod (150) Machine Analyzer Visual Processing Unit Reactive Plating Powered Armor Hacking Suite Hacking Suite System Shield System Shield Drone Bay (2/2) Heavy Particle Cannon Plasma Cannon Shock Bomb Launcher Heavy Missile Launcher Heavy Missile Launcher Peak State ------------ > --- POWER ------------ Light Nuclear Core Light Nuclear Core > --- PROPULSION ------- Advanced Treads Advanced Treads VTOL Module Improved Cesium-ion Thruster Improved Cesium-ion Thruster > --- UTILITY ---------- High-capacity Storage Unit Advanced Weight Redist. System Improved Signal Interpreter Improved Utility Shielding > --- WEAPON ----------- Heavy Missile Launcher Katana > --- INVENTORY -------- Light Ion Engine Light Nuclear Core Wheel Improved Heat Sink Compact Matter Pod Machine Analyzer Visual Processing Unit Reactive Plating Powered Armor Hacking Suite Hacking Suite System Shield System Shield Drone Bay Heavy Particle Cannon Plasma Cannon Shock Bomb Launcher Heavy Missile Launcher [Rating: 46] Favorites ----------- Power Light Deuterium Engine Engine Light Deuterium Engine Power Core Light Nuclear Core Propulsion Compact Wheel Treads Light Treads Leg Carbon-fiber Leg Wheel Compact Wheel Flight Unit Improved Flight Unit Utility Huge Storage Unit Device Advanced Weight Redist. System Storage Huge Storage Unit Processor Signal Interpreter Protection Medium Armor Plating Weapon Great Maul Energy Gun Small Laser Energy Cannon Beam Cannon Ballistic Gun Light Assault Rifle Ballistic Cannon Improved Light Cannon Launcher Shock Bomb Launcher Impact Weapon Great Maul Slashing Weapon Katana Build | -11 -10 -10 -9 -8 -8 -7 ------- Run | Yrd Mat Min Mat Mat Sto Fac Slots Evolved 6 | . . . 2 2 . 2 Power 1 | . . . . . . 1 Propulsion 3 | . . . 1 1 . 1 Utility 2 | . . . 1 1 . . Weapon . | . . . . . . . Parts Attached 116 | 7 6 9 39 2 21 32 Power 16 | 1 . . 4 . 2 9 Engine 9 | 1 . . 4 . 2 2 Core 7 | . . . . . . 7 Reactor . | . . . . . . . Propulsion 37 | 2 . 5 10 . 5 15 Treads 3 | . . . . . 1 2 Leg 1 | . . . . . 1 . Wheel 18 | 2 . 5 7 . 3 1 Hover . | . . . . . . . Flight 15 | . . . 3 . . 12 Utility 21 | 2 1 2 4 2 6 4 Device 6 | 1 . 2 1 1 . 1 Storage 4 | 1 1 . . 1 1 . Processor 2 | . . . 1 . 1 . Hackware . | . . . . . . . Protection 9 | . . . 2 . 4 3 Artifact . | . . . . . . . Weapon 42 | 2 5 2 21 . 8 4 Energy Gun 2 | 1 . 1 . . . . Energy Cannon 9 | . 1 . 8 . . . Ballistic Gun 10 | 1 2 . 4 . 3 . Ballistic Cannon 2 | . . . . . 2 . Launcher 14 | . 2 1 8 . 1 2 Special Weapon . | . . . . . . . Impact Weapon 2 | . . . 1 . 1 . Slashing Weapon 3 | . . . . . 1 2 Piercing Weapon . | . . . . . . . Special Melee Weapon . | . . . . . . . Unidentified Prototypes 6 | . . . 1 . 3 2 Parts Lost 36 | . . 4 9 . 8 15 Power 6 | . . . 2 . . 4 Propulsion 14 | . . 1 5 . 2 6 Utility 8 | . . 2 1 . 3 2 Weapon 8 | . . 1 1 . 3 3 Highest Loss Streak 11 | . . 2 6 . 2 11 To Critical Strikes . | . . . . . . . Average Slot Usage (%) 87 | . 100 89 83 70 88 89 Engine 9 | . 14 14 10 9 9 2 Core 1 | . . . . . . 9 Treads 1 | . . . . . 5 3 Wheel 19 | . 28 28 25 9 18 . Flight 5 | . . . 2 . . 29 Device 6 | . 14 5 4 7 9 7 Storage 10 | . 14 14 11 9 10 7 Processor 6 | . . . 7 9 9 7 Protection 3 | . . . . 9 6 6 Energy Cannon 4 | . 13 14 5 . . . Ballistic Gun 4 | . 10 8 6 . . 4 Ballistic Cannon 1 | . . . . . 6 . Launcher 3 | . 3 . 6 9 1 2 Impact Weapon 3 | . . . 3 9 7 . Slashing Weapon 1 | . . . . . . 5 Naked Turns . | . . . . . . . Heaviest Build 102 | 11 90 88 102 102 63 60 Greatest Support 53 | 26 26 32 48 19 45 53 Greatest Overweight (x) 12 | . 3 4 11 10 3 12 Average Overweight (x) 2 | . 1 3 2 3 1 1 Largest Inventory Capacity 25 | 8 25 25 25 25 20 20 Average Capacity 22 | 7 18 25 25 21 20 20 Most Carried 25 | 3 10 16 25 21 20 20 Average Carried 17 | 1 7 10 22 20 19 17 Final Capacity 25 | 8 25 25 25 20 20 20 Final Carried 21 | 3 10 16 21 20 20 19 Class Distribution -------------------- 62% | Mutant 37% | Scavenger-Mutant Dominant Class ---------------- Mutant | -10/Materials Mutant | -10/Mines Scavenger-Mutant | -9/Materials Mutant | -8/Materials Scavenger-Mutant | -8/Storage Mutant | -7/Factory Resources | -11 -10 -10 -9 -8 -8 -7 ----------- Run | Yrd Mat Min Mat Mat Sto Fac Matter Collected 1769 | 174 69 224 654 . 463 185 Remotely . | . . . . . . . Salvage Created 3370 | 89 94 44 1392 . 1180 571 Parts 175 | 6 12 . 83 . 49 25 Haulers Intercepted 7 | . 1 . 2 . 3 1 Recyclers Shooed 3 | . 1 . 2 . . . Parts Field Recycled . | . . . . . . . Retrieved Matter . | . . . . . . . Parts Self-Destructed . | . . . . . . . Prevented . | . . . . . . . Kills | -11 -10 -10 -9 -8 -8 -7 ------- Run | Yrd Mat Min Mat Mat Sto Fac Combat Hostiles Destroyed 62 | . 6 3 25 . 17 11 Melee 15 | . . . 1 . 8 6 Guns 4 | . . 2 2 . . . Cannons 7 | . . 1 . . 6 . AOE 32 | . 6 . 21 . . 5 Classes Destroyed 14 | 2 2 1 7 . 1 1 Worker 12 | . . . 6 . 4 2 Builder 1 | . . . 1 . . . Tunneler 4 | 1 . . 2 . 1 . Hauler 7 | . 1 . 2 . 3 1 Recycler 8 | 1 . . 5 . 2 . Operator 3 | . . . 1 . 1 1 Watcher 7 | . . . 5 . 2 . Swarmer 15 | . 6 . 9 . . . Grunt 26 | . . . 11 . 5 10 Duelist 1 | . . . 1 . . . Sentry 14 | . . . 4 . 10 . Hunter 2 | . . . . . 2 . Programmer 1 | . . . . . . 1 Assembled 3 | . . 3 . . . . Best Kill Streak 9 | 2 3 1 9 . 3 5 Combat Bots Only 7 | . 3 1 7 . 3 3 Max Kills in Single Turn 4 | 1 3 1 3 . 1 4 Gunslinging . | . . . . . . . Exploded 3 | . 3 . 3 . . 2 Melee 1 | . . . 1 . 1 1 Uniques/NPCs Destroyed . | . . . . . . . Combat | -11 -10 -10 -9 -8 -8 -7 -------- Run | Yrd Mat Min Mat Mat Sto Fac Hostile Shots Fired 388 | . 15 13 94 . 113 153 Missed 95 | . 7 3 21 . 36 28 Damage Taken 4686 | . 76 241 1145 . 1177 2047 Core 1216 | . 13 28 346 . 123 706 Absorbed by Shields . | . . . . . . . Redirected to Shielding 90 | . . . . . . 90 Regen/Repaired (Parts) 87 | . . . 42 . 45 . Core Remaining (%) 68 | 100 . 83 13 . 77 . Volleys Fired 150 | 6 6 14 59 . 53 12 Largest 2 | 2 2 2 2 . 1 1 Hottest 112 | 60 80 100 112 . 39 39 Shots Fired 183 | 12 8 22 76 . 53 12 Gun 48 | 12 2 8 17 . 1 8 Cannon 75 | . 2 14 15 . 44 . Launcher 60 | . 4 . 44 . 8 4 Special . | . . . . . . . Kinetic 80 | 6 2 2 17 . 45 8 Thermal 28 | 6 2 20 . . . . Explosive 19 | . 4 . 11 . . 4 Electromagnetic 56 | . . . 48 . 8 . Robot Hit Streak 10 | 3 4 4 10 . 5 8 Robot Miss Streak 5 | 1 1 2 5 . 2 3 Penetration Max . | . . . . . . . Secondary Targets . | . . . . . . . Shots Hit Robots 178 | 7 4 13 42 . 76 36 Core Hits 129 | 4 8 5 64 . 27 21 Critical Kills 2 | . . . 1 . 1 . Critical Parts Destroyed 8 | . . . 2 . 6 . Critical Strikes 14 | . . . 3 . 8 3 Blast 1 | . . . . . 1 . Smash 10 | . . . 3 . 7 . Sever 3 | . . . . . . 3 Melee Attacks 97 | . . . 11 . 49 37 Impact 57 | . . . 11 . 46 . Slashing 40 | . . . . . 3 37 Piercing . | . . . . . . . Sneak Attacks 18 | . . . 6 . 11 1 Combat Hostiles . | . . . . . . . Follow-up Attacks 1 | . . . . . . 1 Damage Inflicted 8580 | 65 416 189 3309 . 3019 1582 Guns 357 | 65 7 49 119 . . 117 Cannons 1054 | . 34 140 276 . 604 . Explosions 3160 | . 375 . 2162 . 57 566 Melee 4009 | . . . 752 . 2358 899 Ramming . | . . . . . . . Kinetic 907 | 44 7 16 119 . 604 117 Thermal 319 | 21 34 173 91 . . . Explosive 1906 | . 375 . 965 . . 566 Electromagnetic 1439 | . . . 1382 . 57 . Impact 2976 | . . . 752 . 2224 . Slashing 1033 | . . . . . 134 899 Piercing . | . . . . . . . Highest Corruption 6 | . . 5 3 . 1 6 Average Corruption 2 | . . 5 2 . 1 3 Corruption Purged . | . . . . . . . Corruption Blocked . | . . . . . . . Effects 30 | . . 5 14 . . 11 Message Errors 9 | . . 2 5 . . 2 Matter Fused 7 | . . 2 2 . . 3 Heat Flow Errors 3 | . . . 2 . . 1 Energy Discharges 5 | . . . 2 . . 3 Parts Rejected 1 | . . . . . . 1 Data Loss (minor) 2 | . . . 1 . . 1 Alerts 1 | . . . 1 . . . Weapon Failures 2 | . . 1 1 . . . Overload Shots . | . . . . . . . Overflow Damage 1132 | . . 18 372 . 615 127 Projectiles 50 | . . 18 . . 32 . Explosions 143 | . . . 87 . . 56 Melee 939 | . . . 285 . 583 71 Knockbacks 14 | . . . 4 . 10 . Impact 8 | . . . 4 . 4 . Kinetic 5 | . . . . . 5 . Secondary 1 | . . . . . 1 . Self-Inflicted Damage 327 | . 13 . 209 . 9 96 Shots 15 | . 1 . 11 . 1 2 Rammed . | . . . . . . . Targets Rammed . | . . . . . . . Kicked . | . . . . . . . Crushed . | . . . . . . . Highest Temperature 261 | 20 60 156 261 . 24 243 Average Temperature 40 | 15 34 68 43 . 11 33 Received Heat Transfer 1734 | . . . 348 . 360 1026 Siege Activations . | . . . . . . . Robots Corrupted 1 | . . . 1 . . . Combat Hostiles 1 | . . . 1 . . . Parts Fried 23 | . . . 11 . 12 . Impact Corruptions 29 | . . . 10 . 19 . Robots Melted . | . . . . . . . Combat Hostiles . | . . . . . . . Parts Melted . | . . . . . . . Heat Transferred 595 | 50 74 371 100 . . . Parts Sabotaged . | . . . . . . . Parts Stolen . | . . . . . . . Parts Stripped . | . . . . . . . Power Chain Reactions 1 | . . . 1 . . . Alert | -11 -10 -10 -9 -8 -8 -7 ------- Run | Yrd Mat Min Mat Mat Sto Fac Peak Influence 669 | 10 172 86 669 211 369 308 Initial 211 | . 6 66 . 211 31 167 Average 240 | 2 89 46 402 183 210 185 Maximum Alert Level 2 | . . . 2 1 1 1 Low Security (%) 47 | 100 100 100 8 18 39 74 Level 1 36 | . . . 44 81 60 25 Level 2 16 | . . . 46 . . . Level 3 . | . . . . . . . Level 4 . | . . . . . . . Level 5 . | . . . . . . . High Security . | . . . . . . . Max Security . | . . . . . . . Squads Dispatched 18 | . . . 6 . 6 6 Investigation 6 | . . . 2 . 2 2 Extermination 2 | . . . . . . 2 Reinforcement 6 | . . . 3 . 1 2 Assault 1 | . . . 1 . . . Garrison 3 | . . . . . 3 . Intercept . | . . . . . . . Searches Triggered . | . . . . . . . Construction Impeded . | . . . . . . . Haulers Reinforced . | . . . . . . . Active Scanning Responses . | . . . . . . . Cargo Convoy Interrupts . | . . . . . . . Stealth | -11 -10 -10 -9 -8 -8 -7 --------- Run | Yrd Mat Min Mat Mat Sto Fac Distress Signals 2 | . . 1 . . 1 . Communications Jammed . | . . . . . . . Distress Signals . | . . . . . . . Times Spotted 89 | . 6 5 36 1 21 20 Peak Tracking Total 5 | . 3 2 5 1 4 5 Tactical Retreats 9 | . . 1 2 . . 6 Traps | -11 -10 -10 -9 -8 -8 -7 ------- Run | Yrd Mat Min Mat Mat Sto Fac Traps Triggered 7 | . . . 2 . 2 3 Indirectly 1 | . . . 1 . . . Trap Hack Attempts . | . . . . . . . Triggered . | . . . . . . . Disarmed . | . . . . . . . Reprogrammed . | . . . . . . . Reused . | . . . . . . . Traps Extracted . | . . . . . . . Installed . | . . . . . . . Triggered . | . . . . . . . Machines | -11 -10 -10 -9 -8 -8 -7 ---------- Run | Yrd Mat Min Mat Mat Sto Fac Machines Disabled 10 | . . . 7 . 3 . Max in Single Turn 2 | . . . 2 . 1 . Garrison Access 2 | . . . . . 1 1 Machines Repaired . | . . . . . . . Machines Dismantled . | . . . . . . . Machines Sabotaged . | . . . . . . . Overloaded Fab Kills . | . . . . . . . Hacking | -11 -10 -10 -9 -8 -8 -7 --------- Run | Yrd Mat Min Mat Mat Sto Fac Machines Accessed 13 | . . . 3 1 7 2 Terminals 7 | . . . 1 1 5 . Fabricators . | . . . . . . . Repair Stations 3 | . . . 2 . 1 . Recycling Units . | . . . . . . . Scanalyzers 1 | . . . . . . 1 Garrison Access 2 | . . . . . 1 1 Total Hacks 36 | . . . 10 4 15 7 Successful 17 | . . . 5 2 6 4 Failed 19 | . . . 5 2 9 3 Catastrophic 3 | . . . . . 3 . Database Lockouts . | . . . . . . . Manual 10 | . . . 2 2 6 . Terminals 17 | . . . 3 4 10 . Fabricators . | . . . . . . . Repair Stations 10 | . . . 7 . 3 . Recycling Units . | . . . . . . . Scanalyzers 3 | . . . . . . 3 Garrison Access 6 | . . . . . 2 4 Terminal Hacks 5 | . . . 1 2 2 . Open Door 2 | . . . . . 2 . Alert Level 1 | . . . . 1 . . Unreport Threat 1 | . . . . 1 . . Hauler Manifests 1 | . . . 1 . . . Fabricator Hacks . | . . . . . . . Repair Station Hacks 7 | . . . 4 . 3 . Scan Component 4 | . . . 2 . 2 . Repair 3 | . . . 2 . 1 . Recycling Unit Hacks . | . . . . . . . Scanalyzer 3 | . . . . . . 3 Insert Component 1 | . . . . . . 1 Analyze 2 | . . . . . . 2 Garrison Access Hacks 2 | . . . . . 1 1 Seal Access 2 | . . . . . 1 1 Unauthorized Hacks . | . . . . . . . Terminals . | . . . . . . . Fabricators . | . . . . . . . Repair Stations . | . . . . . . . Recycling Units . | . . . . . . . Scanalyzers . | . . . . . . . Garrison Access . | . . . . . . . Data Cores Recovered . | . . . . . . . Used . | . . . . . . . Hacking Detections 9 | . . . 2 1 4 2 Full Trace Events 4 | . . . 1 . 2 1 Feedback Events . | . . . . . . . Feedback Blocked . | . . . . . . . Robot Schematics Acquired . | . . . . . . . Robots Built . | . . . . . . . Authchips . | . . . . . . . Time . | . . . . . . . Total Robot Build Rating . | . . . . . . . Part Schematics Acquired 1 | . . . . . . 1 Parts Built . | . . . . . . . Authchips . | . . . . . . . Time . | . . . . . . . Total Part Build Rating . | . . . . . . . Parts Repaired 3 | . . . 2 . 1 . Time 112 | . . . 74 . 38 . Parts Recycled . | . . . . . . . Recycled Matter . | . . . . . . . Retrieved Matter . | . . . . . . . Retrieved Components . | . . . . . . . Parts Scanalyzed 1 | . . . . . . 1 Part Schematics Acquired 1 | . . . . . . 1 Parts Damaged . | . . . . . . . Bothacking | -11 -10 -10 -9 -8 -8 -7 ------------ Run | Yrd Mat Min Mat Mat Sto Fac Used RIF Installer . | . . . . . . . Robots Hacked . | . . . . . . . Non-combat . | . . . . . . . Combat . | . . . . . . . Robot Hacks Applied . | . . . . . . . Relay Couplers Released . | . . . . . . . Fabnet Peak Effective % . | . . . . . . . Robots Rewired . | . . . . . . . Allies Hacked . | . . . . . . . Hacks Repelled . | . . . . . . . Allies | -11 -10 -10 -9 -8 -8 -7 -------- Run | Yrd Mat Min Mat Mat Sto Fac Total Allies . | . . . . . . . Largest Group . | . . . . . . . Highest-Rated Group . | . . . . . . . Highest-Rated Ally . | . . . . . . . Total Orders . | . . . . . . . Ally Attacks . | . . . . . . . Total Damage . | . . . . . . . Kills . | . . . . . . . Allies Corrupted . | . . . . . . . Allies Melted . | . . . . . . . Intel | -11 -10 -10 -9 -8 -8 -7 ------- Run | Yrd Mat Min Mat Mat Sto Fac Robot Analysis Total . | . . . . . . . Derelict Logs Recovered . | . . . . . . . Drone Launches . | . . . . . . . Drone Recoveries . | . . . . . . . Exploration | -11 -10 -10 -9 -8 -8 -7 ------------- Run | Yrd Mat Min Mat Mat Sto Fac Turns Passed 4483 | 81 305 609 1609 64 1093 722 Spaces Moved 2557 | 56 242 385 865 43 575 391 Core 1 | 1 . . . . . . Treads 58 | . . . . . . 58 Legs . | . . . . . . . Wheels 2183 | 55 242 385 846 43 575 37 Hover . | . . . . . . . Flight 315 | . . . 19 . . 296 Fastest Speed 50 | 50 90 130 115 125 101 98 Average Speed 128 | 90 113 136 143 133 107 129 Slowest Speed 995 | 100 135 140 912 230 130 995 Overloaded Moves . | . . . . . . . Propulsion Burnouts . | . . . . . . . Robots Hopped . | . . . . . . . Cave-ins Triggered . | . . . . . . . Exploration Rate (%) 32 | 3 32 67 63 5 47 12 Regions Visited 6 Branch Regions 2 Pre-discovered Areas . | . . . . . . . Known Exits Taken 3 | . . . 1 1 1 . Unknown Exits Taken 3 | 1 1 1 . . . . Scrap Searched . | . . . . . . . Spaces Dug 9 | . . . 5 . . 4 Terrain Destroyed 198 | . 19 . 151 . 3 25 Melee . | . . . . . . . Projectile 3 | . . . . . 3 . AOE 195 | . 19 . 151 . . 25 Terrain Rammed . | . . . . . . . Walls Destroyed . | . . . . . . . Machines Disabled . | . . . . . . . Actions | -11 -10 -10 -9 -8 -8 -7 --------- Run | Yrd Mat Min Mat Mat Sto Fac Total 3404 | 71 262 444 1135 50 901 541 Wait 358 | . . 33 98 . 177 50 Move 2551 | 55 241 384 864 42 574 391 Hop . | . . . . . . . Pick Up 78 | 3 7 4 36 3 14 11 Fast Attach 36 | 7 1 1 7 . 10 10 Attach 35 | . . 2 12 1 5 15 Detach 5 | . . . 3 . . 2 Swap 45 | . 5 6 20 1 6 7 Drop 50 | . 2 . 25 3 13 7 Fire 150 | 6 6 14 59 . 53 12 Melee 96 | . . . 11 . 49 36 Ram . | . . . . . . . Kick . | . . . . . . . Crush . | . . . . . . . Escape Stasis . | . . . . . . . Rewire . | . . . . . . . Trap . | . . . . . . . Miscellaneous . | . . . . . . . Route ------- -11/Scrapyard -10/Materials -10/Mines -9/Materials -8/Materials -8/Storage -7/Factory History --------- Turn | Location | Event 16 | -11/Scrapyard | Discovered new exit (range 16) 82 | -11/Scrapyard | Entered Materials 240 | -10/Materials | Discovered new exit (range 13) 336 | -10/Materials | Build established: Mutant 387 | -10/Materials | Entered Mines 549 | -10/Mines | Assembled infested the area 954 | -10/Mines | Discovered new exit (range 13) 996 | -10/Mines | Entered Materials 996 | -9/Materials | Evolved 2 slots: Propulsion x1, Utility x1 1119 | -9/Materials | Destroyed 7 combat bots 1295 | -9/Materials | Build established: Scavenger-Mutant 1569 | -9/Materials | Repaired Corrupted Signal Interpreter 1912 | -9/Materials | Discovered new exit (range 11) 1933 | -9/Materials | Identified exit to Materials 2151 | -9/Materials | Core integrity fell below 50% 2174 | -9/Materials | Core integrity fell below 20% 2188 | -9/Materials | Lost 6 parts (1p4n1w) 2311 | -9/Materials | Build established: Mutant 2423 | -9/Materials | Repaired Lgt. Deuterium Engine 2596 | -9/Materials | First assault squad dispatched 2605 | -9/Materials | Entered another Materials area 2605 | -8/Materials | Evolved 2 slots: Propulsion x1, Utility x1 2654 | -8/Materials | Discovered new exit (range 11) 2665 | -8/Materials | Identified exit to Storage 2669 | -8/Materials | Entered Storage 2825 | -8/Storage | Garrison activated, responded to threat 3139 | -8/Storage | Build established: Scavenger-Mutant 3372 | -8/Storage | Repaired Great Maul 3754 | -8/Storage | Discovered new exit (range 9) 3761 | -8/Storage | Identified exit to Factory 3762 | -8/Storage | Entered Factory 3762 | -7/Factory | Evolved 2 slots: Power x1, Propulsion x1 3794 | -7/Factory | Build established: Mutant 4108 | -7/Factory | Lost 4 parts (2p1n1u) 4217 | -7/Factory | Core integrity fell below 50% 4239 | -7/Factory | Core integrity fell below 20% 4271 | -7/Factory | Lost 11 parts (2p5n1u3w) 4317 | -7/Factory | Found Powered Armor 4484 | -7/Factory | Destroyed by P-60 Hacker with Shock Rifle Last Messages --------------- 04459_ U-05 Engineer lays Concrete. 04468_ The unstable cave ceiling collapses. 04468_ K-01 Serf collects debris. 04468_ U-05 Engineer lays Concrete. 04470_ R-06 Scavenger inserts Aluminum Leg into recycling unit. 04470_ U-05 Engineer builds a Wall. 04471_ U-05 Engineer lays Concrete. 04471_ R-06 Scavenger collects Aluminum Leg. 04472_ U-05 Engineer lays Concrete. 04473_ R-06 Scavenger inserts Aluminum Leg into recycling unit. 04474_ Recycling unit begins recycling process. 04474_ U-05 Engineer lays Concrete. 04475_ U-05 Engineer builds a Wall. 04475_ Destroyed Gravmag System. 04476_ U-05 Engineer lays Concrete. 04476_ R-06 Scavenger inserts Tractor Beam into recycling unit. 04477_ U-05 Engineer lays Concrete. Map ----- +----------------------------------------------------+ | ?????????????????????????????????# ??"" ??? #??? | | ?????????????????????????????????# ??"" ??? #??? | | ?????????????????????????????????# ? #??? | | ???????##############????????????# """ """ #??? | | ???????# #????????????# """ """ #??? | | ???????# """ #????????????# """ """ #??? | | ???????# """"" #????????????# #??? | | ???????# """"" #????????????# #??? | | ???????# #?????????????? #??? | | ???????# #####################+######## | | ???????# # % | | ???????# # % % | | ???????# # | | ???????# # % | | ???????# + % | | ???????# # % % | | ???????############## | | ????????????????????# k########## ## | | ????????????????????# k# ## # ## ##? | | ????????????????????# # ######?##?? | | ????????????????????# r #####???????? | | ????????????????????# !t ????" | | ????????????????????# ???? | | ????????????????????# ! ? | | ????????????????????# """ """ """ """?"" | | ????????????????????# @ """ """ """ """ "" | | ????????????????????#####p### """ """ """ """ "" | | ??????????????????????? # "" "" "" " | | ????????????????????? # "" "" "" " | | ??????????????????? """ # | | ?????????????????"" """"" # | | ????????????????""" """""r # | | ???????????????? # | | ???????????????"" ??? """ ""# | | ????????????????????????" Y"# | | ????????????????????????" ""# | | ???????????????????????? ?? ? ?? ## | | ????????????????????????###???#???????####????# | | ??????????????????????????????????????????????# | | ??????????????????????????????????????????????# | | ??????????????????????????????????????????????# | | ??????????????????????????????????????????????# | | ??????????????????????????????????????????????# | | ??????????????????????????????????????????????# ? | | ??????????????????????????????????????????????# ? | | ??????????????????????????????????????????????# ? | | ?????????????????????????????????????????????? ?? | | ?????????????????????????????????????????????? ??? | | ?????????????????????????????????????????????????? | | ?????????????????????????????????????????????????? | +----------------------------------------------------+ Best States ------------- Heat Dissipation 34 Energy Generation 23 Energy Capacity 280 Matter Stores 450 Matter Capacity 450 Sight Range 16 Terrain Scan Range 16 Terrain Scan Density 10 Additional Mass Support 9 Armor Coverage 225 Utility Shielding 66 Evasion (%) 42 Recoil Reduction 2 Item Schematics ----------------- Xenon Bombardment Thruster | -7/Factory | Scanalyzed Robot Schematics ------------------ None Fabricated ------------ Nothing Alien Tech Used ----------------- None Achievements -------------- Everything Is Under Control Challenges ------------ None Game ------ Seed ActuatorFirePrototype Manual? 0 Play Time 00:48:02 Cumulative 11.8 hours Start 2024.04.08 @ 00:42:19 End 2024.04.08 @ 01:28:44 Sessions 1 Manual Loads 0 Difficulty Rogue Special Mode None Game No. 16 Rogue 15 Adventurer 1 Explorer 0 Win Type - Total 0 Types 0/0/0/0/0/0/0/0/0 Lore% 8 Gallery% 24 Achievement% 20 Wizard Run 0 Options --------- Layout 1 ASCII 0 Keyboard 0 Movement Mouse Keybinds 0 Fullscreen 2 Font 32/SmallcapsGlow Map View 50x35 Zoom Use 0% Tactical HUD 1 Map Filters NONE Filters NONE Steam 1 RUN: b8fe85bc-6e4e-4e41-a491-756f5c9e76b8